 Dungeon Crawl Stone Soup version 0.28-a0-631-g0446da8ef9 (webtiles) character file.

Game seed: 10956227781607421679

18039 Conn the Covert (level 12, -6/72 HPs)
             Began as an Octopode Fire Elementalist on Oct 10, 2021.
             Was an Elder of Sif Muna.
             Killed from afar by an ironbound frostheart (46 damage)
             ... by creeping frost
             ... in an ice cave.
             The game lasted 01:07:38 (14209 turns).

Conn the Covert (Octopode Fire Elementalist)       Turns: 14209, Time: 01:07:38

Health: -6/72      AC:  3    Str:  9    XL:     12   Next: 54%
Magic:  23/23      EV: 14    Int: 21    God:    Sif Muna [****..]
Gold:   467        SH:  5    Dex: 12    Spells: 1/26 levels left

rFire   + + .      SeeInvis .   b - staff of fire
rCold   x . .      Faith    .   H - +2 buckler
rNeg    . . .      Spirit   .   f - +2 hat
rPois   .          Reflect  .   m - amulet of regeneration
rElec   .          Harm     .   c - ring of fire
rCorr   .          Rampage  .   E - ring of willpower
Will    +....                   (no ring)
Stlth   +++++.....              (no ring)
HPRegen 1.22/turn               (no ring)
MPRegen 0.18/turn               (no ring)
                                (no ring)
                                (no ring)

@: frozen, very slow
A: almost no armour, amphibious, 8 rings, camouflage 1, gelatinous body 1,
(nimble swimmer 1), tentacles
a: Renounce Religion, Channel Magic, Forget Spell, Divine Exegesis


You were in an ice cave.
You worshipped Sif Muna.
Sif Muna was greatly pleased with you.
You visited 2 branches of the dungeon, and saw 13 of its levels.
You also visited: Ice Cave.

You collected 698 gold pieces.
You spent 231 gold pieces at shops.

Inventory:

Hand Weapons
 a - a +1 short sword of electrocution
 i - a +1 vampiric dagger
 F - a +0 short sword
 G - the +7 flail "Vaucsosh" {drain, Will+}
   (You found it on level 10 of the Dungeon)

   A truly terrible weapon, it drains the life of any living foe it strikes.
   Will:      It increases your willpower.
 J - the +7 hand axe "Mazesme" {venom, rC+ Will+ Dex+2}
   (You found it in an ice cave)

   It poisons the flesh of those it strikes.
   Dex:       It affects your dexterity (+2).
   rC:        It protects you from cold.
   Will:      It increases your willpower.
Armour
 f - a +2 hat (worn)
 H - a +2 buckler (worn)
Magical Staves
 b - a staff of fire (weapon)
Jewellery
 c - a ring of fire (left tentacle)
 m - an amulet of regeneration (around mantle)
 E - a ring of willpower (right tentacle)
Wands
 t - a wand of iceblast (8)
 A - a wand of charming (5)
 B - a wand of acid (1)
Scrolls
 e - 3 scrolls of immolation
 g - a scroll of silence {unknown}
 h - 4 scrolls of teleportation
 j - a scroll of summoning {unknown}
 n - a scroll of enchant weapon {unknown}
 o - a scroll of amnesia {unknown}
 q - a scroll of noise {unknown}
 s - a scroll of vulnerability {unknown}
 u - a scroll of holy word {unknown}
 v - a scroll of torment {unknown}
 w - a scroll of enchant armour {unknown}
 x - a scroll of fog
 y - a scroll of blinking {unknown}
Potions
 d - a potion of brilliance
 k - 3 potions of curing
 l - a potion of ambrosia
 p - 2 potions of lignification
 r - 4 potions of magic
 z - a potion of cancellation {unknown}
 C - 3 potions of attraction {unknown}
 D - a potion of flight {unknown}
 I - a potion of haste


   Skills:
 + Level 3.0 Fighting
 + Level 4.8 Short Blades
 + Level 0.1 Staves
 + Level 5.1 Dodging
 + Level 10.9 Stealth
 + Level 0.2 Shields
 + Level 7.7 Spellcasting
 * Level 7.9 Conjurations
 - Level 3.5 Hexes
 * Level 9.7 Fire Magic
 - Level 4.1 Air Magic
 - Level 4.4 Poison Magic
 - Level 7.0 Invocations
 + Level 0.8 Evocations


You had one spell level left.
You knew the following spells:

 Your Spells              Type           Power      Damage    Failure   Level
a - Foxfire               Conj/Fire      100%       2x1d9     1%          1
b - Conjure Flame         Conj/Fire      80%        6-21      1%          3
c - Inner Flame           Hex/Fire       69%        N/A       2%          3
d - Flame Wave            Conj/Fire      80%        3d14      3%          4
e - Mephitic Cloud        Conj/Pois/Air  31%        N/A       4%          3
f - Ignite Poison         Fire/Tmut/Pois 58%        N/A       5%          3
g - Olgreb's Toxic Radia  Pois           27%        N/A       21%         4
h - Iskenderun's Mystic   Conj/Tloc      24%        2d7       26%         4

Your spell library contained the following spells:

 Spells                   Type           Power      Damage    Failure   Level
 Magic Dart               Conj           100%       1d8       1%          1
 Pain                     Necr           32%        1d5       13%         1
 Scorch                   Fire           100%       2d10      1%          2
 Dazzling Flash           Conj/Hex       64%        N/A       3%          3
 Slow                     Hex            23%        N/A       4%          2
 Swiftness                Air            25%        N/A       8%          3
 Confusing Touch          Hex            23%        N/A       10%         3
 Portal Projectile        Hex/Tloc       30%        N/A       19%         3
 Call Imp                 Summ           8%         N/A       21%         2
 Passwall                 Tmut/Erth      6%         N/A       21%         2
 Cause Fear               Hex            11%        N/A       30%         4
 Call Canine Familiar     Summ           8%         N/A       36%         3
 Frozen Ramparts          Ice            16%        1d3       36%         3
 Gell's Gravitas          Tloc           4%         N/A       36%         3
 Lesser Beckoning         Tloc           8%         N/A       36%         3
 Teleport Other           Tloc           8%         N/A       36%         3
 Vampiric Draining        Necr           4%         2d6       36%         3
 Starburst                Conj/Fire      40%        6d11      47%         6
 Leda's Liquefaction      Hex/Erth       7%         N/A       54%         4
 Freezing Cloud           Conj/Ice/Air   12%        6-21      56%         5
 Ice Form                 Ice/Tmut       8%         N/A       78%         4
 Summon Ice Beast         Ice/Summ       8%         N/A       78%         4
 Agony                    Necr           8%         N/A       98%         5
 Excruciating Wounds      Necr           4%         N/A       98%         5
 Lee's Rapid Deconstruct  Erth           4%         3d6*      98%         5
 Invisibility             Hex            11%        N/A       99%         6
 Statue Form              Tmut/Erth      5%         N/A       100%        6
 Ozocubu's Refrigeration  Ice            4%         4d5       100%        7
 Discord                  Hex            11%        N/A       100%        8
 Ignition                 Fire           42%        3d12      100%        8


Dungeon Overview and Level Annotations

Branches:
Dungeon (12/15)            Temple (1/1) D:5            Lair (0/6) D:11
  IceCv (1/1)
    Orc: D:9-12

Altars:
Dithmenos
Elyvilon
Gozag
Makhleb
Okawaru
Qazlal
Ru
Sif Muna
Trog
Uskayaw
Wu Jian
Beogh

Shops:
D:8 :   D:10 [

Annotations:
D:6 3 runed translucent doors, Palle's ghost, novice OpFi


Innate Abilities, Weirdness & Mutations

You cannot wear most types of armour.
You are amphibious.
You can wear up to eight rings at the same time.
Your skin changes colour to match your surroundings (Stealth+).
Your rubbery body absorbs attacks. (AC +1, EV +1)
((You are camouflaged near water. (Stealth+)))
You have tentacles for arms and can constrict up to eight enemies at once.


Message History

Unknown command.
Casting: Foxfire (safe; 1% risk of failure)
Confirm with . or Enter, or press ? or * to list all spells.
You feel a strong surge of power!
You conjure some foxfire!
Casting: Foxfire (safe; 1% risk of failure)
Confirm with . or Enter, or press ? or * to list all spells.
You feel a strong surge of power!
You conjure some foxfire!
Unknown command.
Casting: Foxfire (safe; 1% risk of failure)
Confirm with . or Enter, or press ? or * to list all spells.
You feel a strong surge of power!
You conjure some foxfire!
Your foxfire dissipates! x3
Unknown command.
Your foxfire dissipates! x2
Unknown command.
Your foxfire dissipates! x2
Your foxfire dissipates!
You start resting.
Magic restored.
You see here a +2 morningstar of freezing.
A death yak, a polar bear and an ironbound frostheart come into view.
The polar bear growls angrily.
You hear a howl!
You hear an angry growl.
The ironbound frostheart moves out of view.
You see here a +1 tower shield of cold resistance.
Unknown command.
Casting: Foxfire (safe; 1% risk of failure)
Confirm with . or Enter, or press ? or * to list all spells.
Aiming: Inner Flame (mildly dangerous; 2% risk of failure)
Press: ? - help, Shift-Dir - straight line, f - death yak
Aim: a death yak (chance to affect: 48%)
Okay, then. 2 yaks, a death yak and an ironbound frostheart come into view.
The ironbound frostheart shouts! x2
The ironbound frostheart calls freezing cold from the walls.
The frost grips you!!
You feel a painful chill!
You are encased in ice.
The ironbound frostheart calls freezing cold from the walls.
The frost grips you!!!
You feel a painful chill!
Ouch! That really hurt!
You die...

..##..#≈###
##.
##≈≈≈≈≈# #
##≈≈≈≈≈##
#.≈≈≈≈≈≈#
##≈≈≈≈≈##
#≈≈≈≈..##
##≈#≈##)##
#####)[!#
#$)@#
#$$$[#
#$$$$#
##Y$$#
...$#
.Yh.$#
YY....#
..Ypp###


You could see 3 death yaks, 2 ironbound frosthearts, a polar bear and 2 yaks.

Vanquished Creatures
  Erica (D:9)
  A two-headed ogre (D:11)
  A cyclops (D:9)
  A deep elf pyromancer (D:8)
  An elephant (D:11)
  Joseph (D:7)
  An ice statue (IceCv)
  A gargoyle (D:11)
  2 unseen horrors (D:11)
  Psyche (D:9)
  A komodo dragon (D:10)
  A troll (D:10)
  7 polar bears
  Grum (D:8)
  4 slime creatures
  2 centaur simulacra (D:12)
  18 yaks
  A shadow (D:10)
  Eustachio (D:5)
  2 steam dragons
  2 vampire mosquitoes (D:11)
  Edmund (D:6)
  2 water moccasins (D:7)
  Duvessa (D:6)
  2 sky beasts
  6 black bears
  7 orc warriors
  5 ice beasts
  2 necrophages
  15 wolves
  8 centaurs
  An ogre (D:5)
  A phantom (D:4)
  3 kobold brigands
  2 bullfrogs
  A gnoll sergeant (D:8)
  4 scorpions
  A wyvern zombie (D:8)
  A wyvern skeleton (D:5)
  Dowan (D:6)
  11 killer bees
  A water moccasin skeleton (D:5)
  4 wights (D:7)
  A howler monkey (D:8)
  2 centaur zombies (D:9)
  2 jellies
  9 orc priests
  A bullfrog skeleton (D:2)
  A hound (D:5)
  3 iguanas
  13 orc wizards
  Robin (D:4)
  8 adders
  7 gnolls
  A howler monkey skeleton (D:6)
  4 white imps
  2 ufetubi (D:12)
  3 worms (D:2)
  4 dart slugs
  48 orcs
  9 ball pythons
  5 bats
  13 endoplasms
  3 giant cockroaches (D:2)
  19 goblins
  24 hobgoblins
  15 jackals
  27 kobolds
  2 quokkas (D:2)
  4 frilled lizards
  9 rats
371 creatures vanquished.

Vanquished Creatures (collateral kills)
  A killer bee (D:9)
1 creature vanquished.

Vanquished Creatures (others)
  A wolf (D:8)
  3 goblins (D:4)
  A quokka (D:4)
  938 foxfires
943 creatures vanquished.

Grand Total: 1315 creatures vanquished

Notes
Turn   | Place    | Note
-------+----------+-------------------------------------------
     0 | D:1      | Conn the Octopode Fire Elementalist began the quest for the
                  | Orb.
     0 | D:1      | Reached XP level 1. HP: 11/11 MP: 3/3
   128 | D:1      | Reached XP level 2. HP: 17/17 MP: 0/5
   238 | D:1      | Reached skill level 3 in Stealth
   381 | D:1      | Found a faded altar of an unknown god.
   705 | D:1      | Reached XP level 3. HP: 21/21 MP: 4/6
  1450 | D:2      | Reached XP level 4. HP: 27/27 MP: 1/7
  1538 | D:2      | Reached skill level 1 in Short Blades
  1845 | D:2      | Reached XP level 5. HP: 27/32 MP: 1/9
  2061 | D:2      | Found an iron altar of Okawaru.
  2789 | D:3      | Reached XP level 6. HP: 37/37 MP: 2/10
  3177 | D:4      | Reached skill level 4 in Stealth
  3184 | D:4      | Reached skill level 1 in Fighting
  3324 | D:4      | Noticed a black bear
  3338 | D:4      | Learned a level 3 spell: Conjure Flame
  3342 | D:4      | Learned a level 3 spell: Inner Flame
  3347 | D:4      | Learned a level 4 spell: Flame Wave
  3367 | D:4      | Killed a black bear
  3473 | D:4      | Found a white marble altar of Elyvilon.
  3490 | D:4      | Noticed Robin
  3499 | D:4      | Killed Robin
  3614 | D:4      | Reached skill level 5 in Stealth
  3614 | D:4      | Reached XP level 7. HP: 43/43 MP: 11/11
  4120 | D:5      | Entered Level 5 of the Dungeon
  4140 | D:5      | Found an ornate altar of the Wu Jian Council.
  4159 | D:5      | Noticed Eustachio
  4174 | D:5      | Killed Eustachio
  4175 | D:5      | Reached skill level 6 in Stealth
  4266 | D:5      | Reached skill level 7 in Stealth
  4266 | D:5      | Reached XP level 8. HP: 40/49 MP: 1/13
  4689 | D:5      | Reached skill level 8 in Stealth
  4923 | D:5      | Found a staircase to the Ecumenical Temple.
  4929 | Temple   | Entered the Ecumenical Temple
  4937 | Temple   | Became a worshipper of Sif Muna the Loreminder
  5052 | D:6      | Found a runed translucent gate.
  5053 | D:6      | Found a runed translucent gate.
  5054 | D:6      | Found a runed translucent gate.
  5055 | D:6      | Noticed Palle's ghost (novice OpFi)
  5158 | D:6      | Reached skill level 9 in Stealth
  5275 | D:6      | Noticed Duvessa
  5277 | D:6      | Noticed Dowan
  5287 | D:6      | Learned a level 3 spell: Mephitic Cloud
  5291 | D:6      | Reached XP level 9. HP: 47/55 MP: 7/15
  5374 | D:6      | Killed Dowan
  5375 | D:6      | Reached skill level 5 in Fire Magic
  5390 | D:6      | Reached skill level 1 in Invocations
  5634 | D:6      | Noticed Edmund
  5643 | D:6      | Killed Edmund
  5644 | D:6      | Reached skill level 1 in Poison Magic
  5655 | D:6      | Killed Duvessa
  5656 | D:6      | Reached skill level 1 in Hexes
  5656 | D:6      | Reached skill level 1 in Air Magic
  6144 | D:7      | Reached skill level 10 in Stealth
  6331 | D:7      | Noticed Joseph
  6638 | D:7      | Reached XP level 10. HP: 61/61 MP: 1/17
  6812 | D:7      | Reached * piety under Sif Muna
  7052 | D:7      | Reached skill level 5 in Spellcasting
  7062 | D:7      | Killed Joseph
  7614 | D:8      | Reached skill level 5 in Conjurations
  8388 | D:8      | Found Asuhyuq's Book Boutique.
  8415 | D:8      | Noticed Grum
  8452 | D:8      | Killed Grum
  8770 | D:8      | Noticed a deep elf pyromancer
  8778 | D:8      | Killed a deep elf pyromancer
  8785 | D:8      | Reached ** piety under Sif Muna
  9441 | D:9      | Noticed Erica
  9469 | D:9      | Killed Erica
  9469 | D:9      | HP: 3/61 [poisoned by Erica (bolt of poison)]
  9470 | D:9      | Reached XP level 11. HP: 4/66 MP: 6/19
  9629 | D:9      | Noticed Psyche
  9633 | D:9      | Killed Psyche
 10227 | D:9      | Noticed a cyclops
 10235 | D:9      | Killed a cyclops
 10236 | D:9      | Reached skill level 5 in Invocations
 10322 | D:9      | Found a hide-covered altar of Uskayaw.
 10374 | D:10     | Entered Level 10 of the Dungeon
 10478 | D:10     | Found an opulent altar of Gozag.
 10493 | D:10     | Identified the +7 flail "Vaucsosh" {drain, Will+}
 10984 | D:10     | Found Ponk's Armour Boutique.
 10993 | D:10     | Bought a +2 buckler for 231 gold pieces
 11005 | D:10     | Learned a level 3 spell: Ignite Poison
 11016 | D:10     | Noticed a wizard
 11761 | D:11     | Reached *** piety under Sif Muna
 11766 | D:11     | Noticed a two-headed ogre
 11770 | D:11     | Killed a two-headed ogre
 11956 | D:11     | Found a staircase to the Lair.
 12940 | D:12     | Reached XP level 12. HP: 72/72 MP: 5/22
 13352 | D:12     | Reached **** piety under Sif Muna
 13377 | D:12     | Found a frozen archway.
 13385 | IceCv    | Entered an ice cave
 13830 | IceCv    | Learned a level 4 spell: Olgreb's Toxic Radiance
 13835 | IceCv    | Learned a level 4 spell: Iskenderun's Mystic Blast
 13844 | IceCv    | Reached skill level 5 in Dodging
 13923 | IceCv    | Identified the +7 hand axe "Mazesme" {venom, rC+ Will+
                  | Dex+2}
 14179 | IceCv    | Noticed a death yak
 14208 | IceCv    | Noticed a death yak
 14208 | IceCv    | Noticed an ironbound frostheart
 14209 | IceCv    | Noticed a death yak
 14209 | IceCv    | Noticed an ironbound frostheart
 14209 | IceCv    | Killed from afar by an ironbound frostheart

Illustrated notes

Levels and vault maps discovered:
D:1:      dpeg_arrival_subterranean_lakeside_camping, layout_loops_ring,
          chequers_ecumenical_altar_simple_redux
D:2:      layout_basic, basic_altar, st_stairs_1, minmay_misc_feat_room
D:3:      layout_loops_cross, minmay_circle_x
D:4:      corexii_shantytown, layout_basic, elyvilon_altar_4,
          minmay_misc_feat_four_crosses, uniq_robin
D:5:      layout_basic, nzn_wu_jian_contemplation, minmay_temple_entry_fiery,
          uniq_eustachio
D:6:      layout_basic, biasface_ghost_orc_armoury, uniq_duvessa, uniq_edmund
D:7:      layout_gridville, nrook_loot_triangle, grunt_decor_arrowhead,
          uniq_joseph
D:8:      layout_loops_ring, kennysheep_windowed_goal, uniq_grum
D:9:      layout_cave_pods, mainiacjoe_overflow_alcove_1, nrook_mini_vaults,
          uniq_erica, uniq_psyche
D:10:     layout_loops_ring, old_standard_altar, serial_shops, shop,
          billiards_dpeg
D:11:     layout_irregular_city, david_lair_generic, roderic_lattice_a
D:12:     layout_roguey, erik_orc_1, serial_ice, serial_ice_a, serial_ice_m,
          serial_ice_c, serial_ice_j, portal_ice_cave_entry_pillars_1
Temple:   compressed_dpeg_circular_temple
IceCv:    ice_cave_caverns_02

Skill      XL: |  1  2  3  4  5  6  7  8  9 10 11 12 |
---------------+-------------------------------------+-----
Stealth        | 3 5 7 9 10 | 10.9
Short Blades   | 1 2 3 4 |  4.8
Conjurations   | 2 3 4 5 7 |  7.9
Fire Magic     | 4 5 6 8 9 |  9.7
Spellcasting   | 3 4 5 7 |  7.7
Fighting       | 1 2 3 |  3.0
Dodging        | 3 4 5 |  5.1
Invocations    | 3 4 6 7 |  7.0
Poison Magic   | 2 4 |  4.4
Hexes          | 2 3 |  3.5
Air Magic      | 2 4 |  4.1
Staves         | |  0.1
Shields        | |  0.2
Evocations     | |  0.8

Action                   |  1- 3 |  4- 6 |  7- 9 | 10-12 || total
-------------------------+-------+-------+-------+-------++-------
Melee: Unarmed           |    10 |       |       |       ||    10
       Constrict         |    14 |    25 |    15 |    13 ||    67
       Tentacles         |     3 |    26 |    15 |    13 ||    57
       Short sword       |    41 |    76 |    86 |    80 ||   283
       Dagger            |       |    54 |       |       ||    54
       Staff             |       |       |       |    10 ||    10
Throw: Throwing net      |       |       |       |     1 ||     1
 Cast: Foxfire           |    41 |    64 |    94 |   336 ||   535
       Conjure Flame     |       |     1 |       |    11 ||    12
       Inner Flame       |       |       |    11 |    53 ||    64
       Mephitic Cloud    |       |       |     5 |    20 ||    25
       Flame Wave        |       |       |       |    12 ||    12
Invok: Channel Magic     |       |       |       |     2 ||     2
Evoke: Wand              |       |       |       |     9 ||     9
  Use: Scroll            |       |       |     4 |     4 ||     8
       Potion            |       |       |     1 |     4 ||     5
 Stab: Sleeping          |       |    20 |    23 |     4 ||    47
       Confused          |       |       |       |     8 ||     8
       Distracted        |       |       |       |     1 ||     1
Armor: Skin              |     2 |    16 |    10 |    22 ||    50
Dodge: Dodged            |    55 |    43 |    43 |   108 ||   249
Block: Buckler           |       |       |       |    21 ||    21

Table legend: (Time is in decaauts)
 A = Elapsed time spent in this place.
 B = Non-inter-level travel time spent in this place.
 C = Inter-level travel time spent in this place.
 D = Time resting spent in this place.
 E = Time spent auto-exploring this place.
 F = Levels seen in this place.
 G = Mean time per level.
                   A        B        C        D        E       F      G
               +--------+--------+--------+--------+--------+-----+--------+
         Total |  14198 |  13833 |    365 |   1726 |   7748 |  14 | 1014.1 |
       Dungeon |  13357 |  12992 |    365 |   1367 |   7748 |  12 | 1113.1 |
        Temple |     15 |     15 |      0 |      0 |      0 |   1 |   15.0 |
      Ice Cave |    824 |    824 |      0 |    359 |      0 |   1 |  824.0 |
               +--------+--------+--------+--------+--------+-----+--------+

Top non-repeatable levels by time:
     D:8: 1600 daAuts
    D:11: 1554 daAuts
     D:1: 1367 daAuts
     D:6: 1330 daAuts
     D:9: 1326 daAuts
     D:7: 1229 daAuts
    D:10: 1125 daAuts
     D:2: 1098 daAuts
     D:4: 947 daAuts
     D:5: 897 daAuts
   IceCv: 824 daAuts
     D:3: 701 daAuts
    D:12: 178 daAuts
  Temple: 15 daAuts
